 Dungeon Crawl Stone Soup version 0.31-a0-876-gfe8ebadbca (webtiles) character file.

Game seed: 14271664207559992128

53379 Conn the Arsonist (level 14, -4/94 HPs)
             Began as an Octopode Fire Elementalist on Oct 13, 2023.
             Was a High Priest of Sif Muna.
             Slain by a death yak (28 damage)
             ... led by a torpor snail
             ... on level 5 of the Lair of Beasts.
             The game lasted 01:16:11 (22138 turns).

Conn the Arsonist (Octopode Fire Elementalist)     Turns: 22138, Time: 01:16:12

Health: -4/94      AC:  1    Str: 15    XL:     14   Next: 68%
Magic:  5/26       EV: 20    Int: 21    God:    Sif Muna [*****.]
Gold:   1427       SH:  5    Dex: 18    Spells: 1/30 levels left

rFire   . . .        b - +10 spear of the Candle {elec, rPois}
rCold   + . .        (no shield)
rNeg    . . .        (helmet restricted)
rPois   +            J - amulet of reflection
rElec   .            e - +5 ring of evasion
rCorr   .            u - ring of see invisible
SInv    +            B - +6 ring of dexterity
Will    +....        i - ring of protection from cold
Stlth   ++++         T - +6 ring of strength
HPRegen 0.35/turn    (no ring)
MPRegen 0.20/turn    (no ring)
                     (no ring)

%: reflection
@: no status effects
A: almost no armour, amphibious, 8 rings, camouflage 1, gelatinous body 1,
(nimble swimmer 1), tentacles
a: Renounce Religion, Channel Magic, Forget Spell, Divine Exegesis


You were on level 5 of the Lair of Beasts.
You worshipped Sif Muna.
Sif Muna was extremely pleased with you.
You visited 3 branches of the dungeon, and saw 18 of its levels.
You also visited: Sewer, Bailey and Ice Cave.

You collected 1823 gold pieces.
You spent 396 gold pieces at shops.

Inventory:

Hand Weapons
 b - the +10 spear of the Candle (weapon) {elec, rPois}
   (You found it on level 1 of the Lair of Beasts)

   rPois:     It protects you from poison
 n - the +9 war axe "Ysch" {flame, rElec rPois rC- Str+4 SInv}
   (You found it in an ice cave)

   Str+4:     It affects your strength (+4).
   rC-:       It makes you vulnerable to cold.
   rElec:     It insulates you from electricity.
   rPois:     It protects you from poison SInv: It lets you see invisible.
 w - a +5 short sword of protection
Missiles
 F - 11 curare-tipped darts
 G - a throwing net
Armour
 P - a +4 kite shield
Magical Staves
 a - a staff of conjuration
 E - a staff of cold
Jewellery
 c - an amulet of regeneration
 e - a +5 ring of evasion (left tentacle)
 i - a ring of protection from cold (on tentacle)
 u - a ring of see invisible (right tentacle)
 B - a +6 ring of dexterity (on tentacle)
 C - an amulet of magic regeneration
 J - an amulet of reflection (around mantle)
 T - a +6 ring of strength (on tentacle)
Wands
 I - a wand of mindburst (6)
 L - a wand of charming (16)
 O - a wand of flame (5)
 Q - a wand of polymorph (2)
Scrolls
 f - 7 scrolls of fog
 m - 3 scrolls of revelation
 p - 2 scrolls of brand weapon
 q - 10 scrolls of teleportation
 s - 2 scrolls of blinking
 v - 2 scrolls of butterflies
 x - a scroll of vulnerability
 y - 3 scrolls of noise
 A - 3 scrolls of immolation
 H - 3 scrolls of poison
 K - a scroll of amnesia
 M - 2 scrolls of enchant weapon
 N - a scroll of fear
Potions
 d - a potion of resistance
 g - 5 potions of cancellation
 h - 4 potions of brilliance
 j - 4 potions of curing
 k - 3 potions of enlightenment
 l - 2 potions of invisibility
 o - a potion of heal wounds
 r - 5 potions of might
 t - 2 potions of haste
 z - a potion of mutation
 D - 6 potions of lignification
 R - 2 potions of magic
 S - a potion of berserk rage


   Skills:
 + Level 8.0 Fighting
 - Level 5.1 Short Blades
 - Level 4.2 Dodging
 - Level 6.0 Stealth
 * Level 5.1 Shields
 + Level 8.7 Spellcasting
 - Level 10.2 Conjurations
 - Level 3.0 Hexes
 - Level 5.0 Summonings
 - Level 7.6 Necromancy
 * Level 5.0 Translocations
 + Level 10.7 Fire Magic
 + Level 5.4 Ice Magic
 + Level 1.3 Earth Magic
 - Level 8.4 Invocations


You had one spell level left.
You knew the following spells:

 Your Spells              Type           Power      Damage    Failure   Level
a - Foxfire               Conj/Fire      100%       2x1d9     1%          1
b - Scorch                Fire           100%       2d9       1%          2
c - Inner Flame           Hex/Fire       38%        N/A       1%          3
d - Flame Wave            Conj/Fire      52%        2d13      1%          4
e - Dispel Undead         Necr           41%        3d16      3%          4
f - Summon Small Mammal   Summ           100%       N/A       1%          1
g - Summon Guardian Gole  Hex/Summ       26%        N/A       4%          3
h - Fireball              Conj/Fire      26%        3d12      2%          5
i - Brom's Barrelling Bo  Conj/Erth      33%        2d5       7%          4
j - Blink                 Tloc           60%        N/A       1%          2

Your spell library contained the following spells:

 Spells                   Type           Power      Damage    Failure   Level
 Kiss of Death            Conj/Necr      100%       2d13      1%          1
 Magic Dart               Conj           100%       1d8       1%          1
 Lesser Beckoning         Tloc           60%        N/A       1%          2
 Momentum Strike          Conj/Tloc      82%        3d10      1%          2
 Searing Ray              Conj           100%       2d8       1%          2
 Volatile Blastmotes      Fire/Tloc      84%        2d17      1%          3
 Call Canine Familiar     Summ           30%        N/A       2%          3
 Iskenderun's Battlesphe  Conj           51%        2d10      3%          5
 Cigotuvi's Dreadful Rot  Necr/Pois/Air  38%        N/A       4%          2
 Fulminant Prism          Conj/Hex       18%        3d10      4%          4
 Confusing Touch          Hex            21%        N/A       6%          3
 Manifold Assault         Tloc           30%        N/A       9%          4
 Death Channel            Necr           20%        N/A       45%         6
 Olgreb's Toxic Radiance  Pois           9%         N/A       58%         4
 Simulacrum               Ice/Necr       18%        N/A       61%         6
 Orb of Destruction       Conj           25%        9d9       67%         7
 Conjure Ball Lightning   Conj/Air       15%        3x3d6     80%         6
 Dispersal                Tloc           15%        N/A       80%         6
 Ignition                 Fire           26%        3d9       99%         8
 Ozocubu's Refrigeration  Ice            16%        4d11      100%        7
 Discord                  Hex            10%        N/A       100%        8
 Disjunction              Tloc           15%        N/A       100%        8
 Polar Vortex             Ice            16%        12d2*     100%        9


Dungeon Overview and Level Annotations

Branches:
Dungeon (12/15)            Temple (1/1) D:6            Lair (5/5) D:9
  Swamp (0/4) Lair:3        Snake (0/4) Lair:2        Sewer (visited)
 Bailey (visited)           IceCv (visited)
  Slime: Lair:4-5       Orc: D:9-12

Altars:
Ashenzari
Cheibriados
Dithmenos
Elyvilon
Fedhas
Gozag
Hepliaklqana
Kikubaaqudgha
Makhleb
Nemelex Xobeh
Okawaru
Qazlal
Ru
Sif Muna
Trog
Uskayaw
Vehumet
Wu Jian
Xom
Yredelemnul
Zin
The Shining One

Shops:
D:2 [   D:3 :   D:5 (   D:9 *

Annotations:
Lair:4 Bag Taf's ghost, journeyman SpEn
Lair:5 Snorg


Innate Abilities, Weirdness & Mutations

You cannot wear most types of armour.
You are amphibious.
You can wear up to eight rings at the same time.
Your skin changes colour to match your surroundings (Stealth+).
Your rubbery body absorbs attacks. (AC +1, EV +1)
((You are camouflaged when in or above water. (Stealth+)))
You have tentacles for arms and can constrict up to eight enemies at once.


Message History

Unknown command.
Press: ? - help, v - describe, . - travel, g - get item Item here: a death yak corpse.
The floor, spattered with blood.
There is a cloud of flame here.
Unknown command.
Unknown command.
Unknown command.
Aiming: Charm
Press: ? - help, Shift-Dir - straight line, f - Snorg, p - wolf
Aim: Snorg (berserk, chance to affect: 17%)
Okay, then.
Unknown command.
Unknown command.
Casting: Inner Flame (safe; 1% risk of failure)
Confirm with . or Enter, or press ? or * to list all spells.
Aiming: Fireball (dangerous; 2% risk of failure)
Press: ? - help, Shift-Dir - straight line, f - Snorg, p - wolf
Aim: Snorg (berserk)
The fireball explodes!
The fireball engulfs Snorg!
Snorg is lightly wounded.
The fireball engulfs your guardian golem!
Your guardian golem resists.
Your guardian golem is moderately damaged.
The fireball engulfs the wolf!!
Sif Muna accepts your kill.
You see here a book of Fire.
Sif Muna grants you a gift!
The fireball engulfs the death yak!
The death yak is lightly wounded.
The wolf explodes!
The fiery explosion engulfs Snorg!!!
Snorg is heavily wounded.
The fiery explosion engulfs the death yak!!
The death yak is heavily wounded.
Your guardian golem disappears in a puff of smoke!
Snorg is engulfed in blazing flames.
The death yak is engulfed in blazing flames.
The death yak gores you!!
You die...

....#.####.##.# ... .#
.....####..#..###..P.#
#
......#.#..............
# .
..................... .
......................
. ........§§...#..P .
......§§.§#.## ## #
#...###TY###.#... #..
##@# ..... ##
###°##......
#..b........
...............
#..#.#..........
.##.##.S.####... ##
##.## ## #.. ...


You could see Snorg (berserk), a death yak (ally target), a water moccasin and a
friendly bat (summoned).

Vanquished Creatures
  An orc warlord (Bailey)
  A hydra (Lair:2)
  The ghost of Levsong the Grappler, a novice TrGl of Wu Jian (D:9)
  2 two-headed ogres
  A death yak (Lair:5)
  Urug (Lair:4)
  Amaemon (Lair:3)
  Sonja (Lair:2)
  2 ugly things (IceCv)
  An orc knight (Bailey)
  2 cyclopes
  An elephant (Lair:2)
  3 ice statues (IceCv)
  2 torpor snails
  2 gargoyles (D:12)
  11 cane toads
  6 black mambas
  An orange demon (Lair:3)
  5 rime drakes
  3 kobold demonologists
  Jeremiah (D:8)
  An unseen horror (D:12)
  7 komodo dragons
  2 anaconda simulacra (IceCv)
  A polar bear (Lair:3)
  Prince Ribbit (D:6)
  A troll (D:9)
  12 blink frogs
  Sigmund (D:6)
  A spriggan (Lair:2)
  71 yaks
  A slime creature (D:6)
  2 wraiths
  Eustachio (D:6)
  4 basilisks
  2 wyverns
  2 steam dragons
  A death yak simulacrum (IceCv)
  6 vampire mosquitoes
  4 nagas (Lair:2)
  A hydra simulacrum (IceCv)
  13 water moccasins
  A sky beast (D:7)
  2 black bears
  4 orc warriors
  An ogre (D:4)
  2 centaurs
  27 wolves
  4 phantoms
  6 kobold brigands
  11 bullfrogs
  5 scorpions
  2 cane toad simulacra (IceCv)
  8 wights
  7 killer bees
  4 electric eels
  3 howler monkeys
  8 jellies (D:6)
  7 orc priests
  A gnoll bouda (D:8)
  9 hounds
  4 iguanas (D:5)
  7 orc wizards
  2 polar bear simulacra (IceCv)
  A wolf simulacrum (IceCv)
  10 gnolls
  15 adders
  3 river rats (Sewer)
  2 shadow imps
  12 white imps (D:12)
  3 worms
  3 dart slugs
  27 orcs
  14 ball pythons
  8 bats
  16 endoplasms
  4 giant cockroaches
  8 goblins
  11 hobgoblins
  5 jackals (D:3)
  6 quokkas
  3 frilled lizards
  47 kobolds
  25 rats
532 creatures vanquished.

Vanquished Creatures (collateral kills)
  A basilisk (Lair:3)
  6 foxfires
7 creatures vanquished.

Vanquished Creatures (others)
  A boulder beetle (Lair:1)
  2 cane toads (Lair:2)
  A water moccasin (Lair:5)
  A butterfly (D:4)
  1512 foxfires
1517 creatures vanquished.

Grand Total: 2056 creatures vanquished

Notes
Turn   | Place    | Note
-------+----------+-------------------------------------------
     0 | D:1      | Conn the Octopode Fire Elementalist began the quest for the
                  | Orb.
     0 | D:1      | Reached XP level 1. HP: 11/11 MP: 3/3
   213 | D:1      | Reached XP level 2. HP: 14/17 MP: 0/5
   286 | D:1      | Learned a level 2 spell: Scorch
   418 | D:1      | Reached XP level 3. HP: 21/21 MP: 3/6
   424 | D:1      | Learned a level 3 spell: Inner Flame
  1351 | D:2      | Found Qipes's Armour Shop.
  1615 | D:2      | Noticed a phantom
  1620 | D:2      | Reached XP level 4. HP: 27/27 MP: 7/7
  2006 | D:3      | Found a sparkling altar of Nemelex Xobeh.
  2116 | D:3      | Found Namusmor's Book Shoppe.
  2127 | D:3      | Reached skill level 1 in Hexes
  2163 | D:3      | Identified the +1 pair of gloves of the Leaf {rElec Int+2}
  2486 | D:3      | Reached XP level 5. HP: 31/31 MP: 9/9
  2521 | D:3      | Found a faded altar of an unknown god.
  2532 | D:3      | Found a snail-covered altar of Cheibriados.
  2921 | D:4      | Noticed an ogre
  2926 | D:4      | Killed an ogre
  2927 | D:4      | Reached XP level 6. HP: 36/36 MP: 2/10
  3595 | D:4      | Reached XP level 7. HP: 39/41 MP: 1/12
  3684 | D:4      | Found a shimmering altar of Xom.
  3719 | D:4      | Found a white marble altar of Elyvilon.
  4176 | D:5      | Entered Level 5 of the Dungeon
  4265 | D:5      | Found Siet's Weapon Shoppe.
  4335 | D:5      | Reached skill level 5 in Stealth
  4572 | D:5      | Found a glowing drain.
  4588 | Sewer    | Entered a sewer
  4739 | Sewer    | Reached XP level 8. HP: 37/46 MP: 1/14
  5722 | D:5      | Found an iron altar of Okawaru.
  5843 | D:5      | Found a glowing silver altar of Zin.
  5846 | D:5      | Found a stormy altar of Qazlal.
  6234 | D:6      | Found a hazy altar of Hepliaklqana.
  6290 | D:6      | Reached skill level 5 in Spellcasting
  6290 | D:6      | Reached skill level 5 in Conjurations
  6296 | D:6      | Found a staircase to the Ecumenical Temple.
  6312 | Temple   | Entered the Ecumenical Temple
  6320 | Temple   | Became a worshipper of Sif Muna the Loreminder
  6327 | Temple   | Learned a level 4 spell: Flame Wave
  6418 | D:6      | Noticed Prince Ribbit
  6423 | D:6      | Killed Prince Ribbit
  6424 | D:6      | Reached skill level 1 in Fighting
  6424 | D:6      | Reached skill level 1 in Short Blades
  6424 | D:6      | Reached skill level 5 in Fire Magic
  6636 | D:6      | Noticed Eustachio
  6642 | D:6      | Reached XP level 9. HP: 53/53 MP: 8/16
  6647 | D:6      | Killed Eustachio
  6869 | D:6      | Noticed a two-headed ogre
  6878 | D:6      | Killed a two-headed ogre
  6977 | D:6      | Reached * piety under Sif Muna
  7202 | D:6      | Noticed Sigmund
  7257 | D:6      | Learned a level 4 spell: Dispel Undead
  7291 | D:6      | Killed Sigmund
  7543 | D:7      | Reached skill level 1 in Necromancy
  7970 | D:7      | Reached XP level 10. HP: 63/63 MP: 13/18
  8816 | D:8      | Noticed Jeremiah
  8959 | D:8      | Killed Jeremiah
  9140 | D:8      | Found a large runed translucent door.
  9141 | D:8      | Found a large runed translucent door.
  9265 | D:8      | Found a radiant altar of Vehumet.
  9268 | D:8      | Found a broken altar of Ashenzari.
  9301 | D:8      | Found a blossoming altar of Fedhas.
  9342 | D:8      | Noticed a two-headed ogre
  9353 | D:8      | Found a flagged portal.
  9359 | Bailey   | Entered a bailey
  9440 | Bailey   | Reached ** piety under Sif Muna
  9451 | Bailey   | Noticed an orc warlord
  9515 | Bailey   | Noticed an orc knight
  9522 | Bailey   | Killed an orc knight
  9523 | Bailey   | Reached skill level 1 in Invocations
  9605 | Bailey   | Found a runed translucent gate.
  9605 | Bailey   | Found a runed translucent gate.
  9605 | Bailey   | Found a runed translucent gate.
  9737 | Bailey   | Killed an orc warlord
  9848 | D:8      | Killed a two-headed ogre
  9851 | D:8      | Reached XP level 11. HP: 50/70 MP: 11/20
  9963 | D:8      | Found an ornate altar of the Wu Jian Council.
 10986 | D:9      | Found a staircase to the Lair.
 10997 | D:9      | Found a runed translucent door.
 11003 | D:9      | Found Adiobris's General Store.
 11056 | D:9      | Bought an amulet of reflection for 360 gold pieces
 11056 | D:9      | Bought a potion of curing for 36 gold pieces
 11059 | D:9      | Reached skill level 5 in Fighting
 11059 | D:9      | Reached skill level 5 in Short Blades
 11059 | D:9      | Reached skill level 5 in Necromancy
 11059 | D:9      | Reached skill level 5 in Invocations
 11059 | D:9      | Reached XP level 12. HP: 77/77 MP: 20/22
 11309 | D:9      | Noticed Levsong's ghost (novice TrGl)
 11331 | D:9      | Killed Levsong's ghost
 11698 | D:9      | Reached *** piety under Sif Muna
 11927 | D:10     | Entered Level 10 of the Dungeon
 12306 | D:10     | Found an opulent altar of Gozag.
 12346 | D:10     | Found a glowing golden altar of the Shining One.
 12990 | D:11     | Noticed a boulder beetle
 13280 | D:12     | Reached **** piety under Sif Muna
 13621 | D:12     | Found a frozen archway.
 13633 | IceCv    | Entered an ice cave
 13658 | IceCv    | Reached XP level 13. HP: 83/83 MP: 18/24
 13962 | IceCv    | Identified a scroll of acquirement
 13963 | IceCv    | Acquired 785 gold pieces
 14863 | IceCv    | Reached skill level 10 in Conjurations
 15478 | IceCv    | Identified the +9 war axe "Ysch" {flame, rElec rPois rC-
                  | Str+4 SInv}
 15492 | IceCv    | Identified the +3 plate armour of Huplenes {Rampage rCorr
                  | Int-3 SInv}
 15498 | IceCv    | Learned a level 1 spell: Summon Small Mammal
 15502 | IceCv    | Learned a level 3 spell: Summon Guardian Golem
 15506 | IceCv    | Learned a level 3 spell: Call Canine Familiar
 15697 | Lair:1   | Entered Level 1 of the Lair of Beasts
 15800 | Lair:1   | Reached skill level 10 in Fire Magic
 15913 | Lair:1   | Identified the +10 spear of the Candle {elec, rPois}
 15951 | Lair:1   | Reached skill level 1 in Ice Magic
 16524 | Lair:1   | Learned a level 6 spell: Dispersal
 16924 | Lair:2   | Noticed Sonja
 16932 | Lair:2   | Killed Sonja
 16933 | Lair:2   | Reached skill level 1 in Summonings
 16933 | Lair:2   | Reached skill level 1 in Translocations
 16940 | Lair:2   | Reached ***** piety under Sif Muna
 16944 | Lair:2   | Reached skill level 1 in Shields
 16953 | Lair:1   | Received a gift from Sif Muna
 17239 | Lair:2   | HP: 3/86 [scorpion (4)]
 17889 | Lair:2   | Found a staircase to the Snake Pit.
 18796 | Lair:3   | Reached XP level 14. HP: 72/92 MP: 6/26
 19197 | Lair:3   | Received a gift from Sif Muna
 19206 | Lair:3   | Learned a level 2 spell: Blink
 19375 | Lair:3   | Found a staircase to the Swamp.
 19443 | Lair:3   | Noticed Amaemon
 19465 | Lair:3   | Killed Amaemon
 20871 | Lair:4   | Reached skill level 5 in Ice Magic
 21228 | Lair:4   | Noticed Urug
 21240 | Lair:4   | Killed Urug
 21316 | Lair:4   | Found a large runed translucent door.
 21316 | Lair:4   | Found a large runed translucent door.
 21358 | Lair:4   | Learned a level 5 spell: Fireball
 21363 | Lair:4   | Learned a level 4 spell: Brom's Barrelling Boulder
 21725 | Lair:4   | Noticed Bag Taf's ghost (journeyman SpEn)
 21741 | Lair:5   | Entered Level 5 of the Lair of Beasts
 21869 | Lair:5   | Reached skill level 1 in Earth Magic
 22095 | Lair:5   | Reached skill level 5 in Summonings
 22100 | Lair:5   | Noticed Snorg
 22103 | Lair:5   | Reached skill level 5 in Shields
 22131 | Lair:5   | Reached skill level 5 in Translocations
 22138 | Lair:5   | Received a gift from Sif Muna
 22138 | Lair:5   | Slain by a death yak

Illustrated notes

Levels and vault maps discovered:
D:1:      psy_arrival_basics, layout_basic, supply_closet_lemuel,
          minmay_heptomino_w4
D:2:      layout_basic, serial_shops, nicolae_shop_getting_attention,
          lightli_corner_chamber
D:3:      layout_rooms, nemelex_diamond_rough_becter,
          nicolae_overflow_ecumenical_swirl, serial_shops, shop,
          kennysheep_decorative_pillar, hangedman_feature_mirror,
          kennysheep_cross_room, chequers_serial_rivers_large_b
D:4:      layout_layer_cave, nicolae_elyvilon_peaceful_grove,
          mainiacjoe_overflow_six_doors_small
D:5:      layout_basic, hellmonk_okawaru_the_only_friend_you_need,
          nicolae_overflow_hidden_temple, serial_shops,
          nicolae_shop_gibbet_a_chance, cheibrodos_sewer_entry_sluice
D:6:      lemuel_slime, layout_cave_pods, nicolae_hepliaklqana_hazy_memory,
          temple_pool_b, uniq_sigmund, uniq_prince_ribbit1, uniq_eustachio
D:7:      layout_gridville, chequers_arboretum,
          hangedman_abyss_or_decor_lesser_grid, dreamdust_mushroom_princess,
          kennysheep_generic_room_16
D:8:      layout_layer_cave, nicolae_wu_jian_glorious_leap, fedhas_altar_4,
          jmf_multi_god_temple2, enter_bailey_7, uniq_jeremiah
D:9:      layout_gridville, erik_lair_island, ebering_ghost_reflecting_pool,
          serial_shops, shop, minmay_misc_feat_plants
D:10:     layout_roguey, grunt_gozag_statues, nicolae_tso_carved_into_rock,
          lightli_fourway_metalbox
D:11:     layout_basic
D:12:     minmay_the_grid_3x2 [minmay_the_grid_embedded,
          minmay_the_grid_diamond_grid, minmay_the_grid_spin_star,
          minmay_the_grid_minigrid_medium, minmay_the_grid_armoury,
          minmay_the_grid_prize_trominoes], layout_basic, david_orc_1_choice,
          portal_ice_cave_entry_imps
Temple:   hellmonk_temple_rainy
Lair:1:   layout_gridlike
Lair:2:   layout_regular_city, minmay_snake_entry_guardpost_small,
          grunt_forest_large_clearing_hut, infiniplex_staircase_pool_2,
          uniq_sonja
Lair:3:   layout_cave_pods, minmay_swamp_entry_eels, serial_bayou_shore_a,
          uniq_amaemon
Lair:4:   layout_cave_pods, ebering_ghost_disaster_area, uniq_urug
Lair:5:   evilmike_catoblepas_cave, layout_regular_city, slime_entry_1,
          lemuel_old_faithful, uniq_snorg

Skill      XL: |  1  2  3  4  5  6  7  8  9 10 11 12 13 14 |
---------------+-------------------------------------------+-----
Stealth        | 3 4 5 6 |  6.0
Conjurations   | 2 3 4 5 7 8 9 10 | 10.2
Hexes          | 1 2 3 |  3.0
Spellcasting   | 3 4 5 6 7 8 |  8.7
Dodging        | 3 4 |  4.2
Fire Magic     | 4 5 6 7 8 9 10 | 10.7
Fighting       | 1 3 4 5 6 7 8 |  8.0
Short Blades   | 1 3 4 5 |  5.1
Necromancy     | 1 4 5 7 |  7.6
Invocations    | 2 5 7 8 |  8.4
Ice Magic      | 4 5 |  5.4
Summonings     | 3 5 |  5.0
Translocations | 3 5 |  5.0
Shields        | 3 5 |  5.1
Earth Magic    | 1 |  1.3

Action                     |  1- 3 |  4- 6 |  7- 9 | 10-12 | 13-15 || total
---------------------------+-------+-------+-------+-------+-------++-------
  Melee: Short sword       |    22 |    48 |    37 |    16 |       ||   123
         Constrict         |     3 |    12 |     8 |     4 |    10 ||    37
         Tentacles         |     5 |    11 |     9 |     4 |    24 ||    53
         Punch             |       |     1 |       |       |     2 ||     3
         Spear             |       |       |       |       |    67 ||    67
         Staff             |       |       |       |       |    14 ||    14
         War axe           |       |       |       |       |     2 ||     2
  Throw: Dart              |       |       |       |     1 |       ||     1
   Cast: Foxfire           |    45 |    70 |   179 |   274 |   279 ||   847
         Scorch            |     1 |    11 |    34 |    82 |   166 ||   294
         Inner Flame       |       |     3 |    14 |    19 |    20 ||    56
         Flame Wave        |       |       |     2 |    33 |    64 ||    99
         Dispel Undead     |       |       |       |     1 |       ||     1
         Summon Guardian G |       |       |       |       |    10 ||    10
         Call Canine Famil |       |       |       |       |     2 ||     2
         Blink             |       |       |       |       |     4 ||     4
         Fireball          |       |       |       |       |     3 ||     3
         Summon Small Mamm |       |       |       |       |     1 ||     1
 Invoke: Channel Magic     |       |       |       |       |     6 ||     6
    Use: Scroll            |     2 |     2 |     8 |    16 |    12 ||    40
         Potion            |       |       |     2 |     2 |     4 ||     8
   Stab: Sleeping          |     6 |     7 |     1 |     5 |       ||    19
 Armour: Skin              |     6 |    26 |    28 |    46 |   138 ||   244
  Dodge: Dodged            |    14 |    61 |    64 |   137 |   247 ||   523
  Block: Other             |       |       |       |       |    68 ||    68

Table legend: (Time is in decaauts)
 A = Elapsed time spent in this place.
 B = Non-inter-level travel time spent in this place.
 C = Inter-level travel time spent in this place.
 D = Time resting spent in this place.
 E = Time spent auto-exploring this place.
 F = Levels seen in this place.
 G = Mean time per level.
                   A        B        C        D        E       F      G
               +--------+--------+--------+--------+--------+-----+--------+
         Total |  22160 |  21819 |    341 |   2888 |  12410 |  21 | 1055.2 |
       Dungeon |  12222 |  11913 |    309 |    559 |   7632 |  12 | 1018.5 |
        Temple |     22 |     22 |      0 |      0 |      0 |   1 |   22.0 |
          Lair |   6465 |   6433 |     32 |    945 |   3869 |   5 | 1293.0 |
         Sewer |   1066 |   1066 |      0 |      0 |    784 |   1 | 1066.0 |
        Bailey |    472 |    472 |      0 |     31 |    125 |   1 |  472.0 |
      Ice Cave |   1909 |   1909 |      0 |   1353 |      0 |   1 | 1909.0 |
               +--------+--------+--------+--------+--------+-----+--------+

Top non-repeatable levels by time:
   IceCv: 1909 daAuts
  Lair:3: 1736 daAuts
  Lair:4: 1599 daAuts
  Lair:1: 1487 daAuts
     D:8: 1431 daAuts
     D:6: 1350 daAuts
     D:7: 1311 daAuts
     D:4: 1267 daAuts
  Lair:2: 1236 daAuts
     D:1: 1215 daAuts
     D:9: 1210 daAuts
   Sewer: 1066 daAuts
     D:5: 1004 daAuts
     D:3: 941 daAuts
     D:2: 749 daAuts
